 Dungeon Crawl Stone Soup version 0.17.0-7-gfadd4cc (webtiles) character file.

149 JudasIscariot the Ducker (level 5, -1/33 HPs)
             Began as a Kobold Abyssal Knight on Nov 9, 2015.
             Was a Priest of Lugonu.
             Slain by an orc priest
             ... wielding a +0 club
              (5 damage)
             ... on level 4 of the Dungeon.
             The game lasted 00:09:14 (2933 turns).

JudasIscariot the Ducker (Kobold Abyssal Knight)    Turns: 2933, Time: 00:09:14

Health: -1/33      AC:  4    Str: 11    XL:     5   Next: 56%
Magic:  6/6        EV: 16    Int: 10    God:    Lugonu [***...]
Gold:   230        SH:  0    Dex: 16    Spells: 0 memorised, 4 levels left

rFire  . . .     SeeInvis .     a - +1 short sword
rCold  . . .     Clarity  .     b - +0 leather armour
rNeg   . . .     SustAt   .     (shield restricted)
rPois  .         Gourm    .     m - +0 helmet
rElec  .         Spirit   .     (no cloak)
rCorr  .         Warding  .     (no gloves)
rMut   .         Stasis   .     (no boots)
MR     .....                    (no amulet)
Stlth  ++........               (no ring)
                                (no ring)

@: not resistant to hostile enchantments, unstealthy
A: carnivore 3
a: Depart the Abyss, Bend Space, Banish, Renounce Religion


You were on level 4 of the Dungeon.
You worshipped Lugonu.
Lugonu was most pleased with you.
You were completely stuffed.

You visited 2 branches of the dungeon, and saw 5 of its levels.
You visited the Abyss 1 time.

You collected 230 gold pieces.

Inventory:

Hand Weapons
 a - a +1 short sword (weapon)
Armour
 b - a +0 leather armour (worn)
 m - a +0 helmet (worn)
Scrolls
 d - 7 scrolls of identify {unknown}
 f - 2 scrolls of magic mapping {unknown}
 h - 2 scrolls of remove curse {unknown}
 l - a scroll of noise {unknown}
 r - 2 scrolls of teleportation {unknown}
 v - a scroll of amnesia {unknown}
 w - a scroll of enchant weapon {unknown}
 y - 2 scrolls of fog {unknown}
Potions
 e - a potion of cure mutation {unknown}
 i - 4 potions of agility {unknown}
 j - a potion of invisibility {unknown}
 n - a potion of poison {unknown}
 p - a potion of resistance {unknown}
 q - a potion of lignification {unknown}
 s - 2 potions of heal wounds {unknown}
 t - a potion of ambrosia {unknown}
 u - a potion of degeneration {unknown}
 x - a potion of flight {unknown}
 z - 2 potions of berserk rage {unknown}
Comestibles
 c - 2 meat rations
 g - a beef jerky
 k - a slice of pizza


   Skills:
 * Level 4.1 Fighting
 * Level 3.6 Short Blades
 + Level 1.2 Armour
 * Level 4.3 Dodging
 * Level 2.0 Stealth
 * Level 2.4 Invocations


You had 4 spell levels left.
You didn't know any spells.

Dungeon Overview and Level Annotations

Branches:
Dungeon (4/15)             Temple (1/1) D:4

Altars:
Cheibriados
Gozag
Nemelex Xobeh
Qazlal
Ru
Sif Muna
Xom
Zin


Innate Abilities, Weirdness & Mutations

You are small and have problems with some larger weapons.
You are carnivorous and can eat meat at any time.


Message History

The orc priest is heavily wounded.
The orc priest mumbles some strange prayers to Beogh against you.
Something smites you!
* * * LOW HITPOINT WARNING * * *
You hit the orc priest.
The orc priest is severely wounded.
The orc priest hits you with a club.
* * * LOW HITPOINT WARNING * * *
You barely miss the orc priest.
The orc priest is severely wounded.
You hit the orc priest.
The orc priest is severely wounded.
The orc priest misses you.
You hit the orc priest.
The orc priest is almost dead.
The orc priest closely misses you.
You barely miss the orc priest.
The orc priest is almost dead.
The orc priest hits you with a club.
You die...

############
....#......##...##.#..#.
.........................
..........................
..........................
..........................
...................?......
...............o..........
................@.........
#+###..##..###...)....#.
..###..##..###..#...#.####
.......o....#....#.#.....(
.......o....#.....>.......
............#....#.#......
..##...#######..#...#...##
####...###..##........#.#
........#.............# ..


You could see an orc priest.

Vanquished Creatures
  An orc priest (D:4)
  2 hounds (D:4)
  A giant gecko (D:3)
  5 orcs
  11 bats
  3 giant cockroaches
  4 goblins
  8 hobgoblins
  8 kobolds
  A ball python (D:3)
  5 giant newts
  A quokka (D:3)
  3 rats
53 creatures vanquished.

Notes
Turn   | Place    | Note
--------------------------------------------------------------
     0 | Abyss:1  | JudasIscariot the Kobold Abyssal Knight began the quest for the Orb.
     0 | Abyss:1  | Reached XP level 1. HP: 14/14 MP: 2/2
    12 | Abyss:1  | Found a corrupted altar of Lugonu.
    26 | D:1      | Escaped the Abyss
   285 | D:1      | Reached XP level 2. HP: 19/19 MP: 3/3
   671 | D:1      | Reached skill level 1 in Armour
   860 | D:1      | Reached ** piety under Lugonu
   935 | D:2      | Reached XP level 3. HP: 19/24 MP: 4/4
   954 | D:2      | Found a snail-covered altar of Cheibriados.
  1025 | D:2      | Noticed an angel
  1026 | D:2      | Found a glowing silver altar of Zin.
  1026 | D:2      | Found a shimmering altar of Xom.
  2031 | D:3      | Reached XP level 4. HP: 18/29 MP: 5/5
  2403 | D:4      | Reached skill level 4 in Fighting
  2403 | D:4      | Reached skill level 1 in Stealth
  2425 | D:4      | Reached XP level 5. HP: 27/33 MP: 6/6
  2439 | D:4      | Found a staircase to the Ecumenical Temple.
  2448 | Temple   | Entered the Ecumenical Temple
  2451 | Temple   | Reached *** piety under Lugonu
  2933 | D:4      | Slain by an orc priest

Action                   |  1- 3 |  4- 6 || total
-------------------------+-------+-------++-------
Melee: Short sword       |   156 |    63 ||   219
 Stab: Sleeping          |     2 |       ||     2
  Eat: Chunk             |    12 |     3 ||    15
